Map: Green Acres

Players

Mar - Winner!

  • Race: Terran Terran
  • League: Diamond
  • Spawn Location: 1:00

ForceForce - Winner!

  • Race: Terran Terran
  • League: Gold
  • Spawn Location: 12:00

Uclar - Winner!

  • Race: Terran Terran
  • Spawn Location: 3:00

SuperMurloc

  • Race: Terran Terran
  • Spawn Location: 7:00

YEOZ

  • Race: Terran Terran
  • Spawn Location: 6:00

kabosoc

  • Race: Protoss Protoss
  • Spawn Location: 9:00

VOD

Have the link to the VOD?

Description

Time

  • Played on: Sept. 20, 2016, 4:22 p.m.
  • Length: 16:31
Show
View Real Time Build Order
Export as new Build Order

Mar Terran - Winner!

Build Orders: Liberator Opening, MMM Bio 

Get SALT Encoding   

  12  0:02  SCV  
  14  0:14  SCV  
  14  0:18  Supply Depot  
  14  0:26  SCV  
  15  0:29  Refinery  
  15  0:40  SCV  
  16  0:45  Barracks  
  16  0:52  SCV  
  17  1:04  SCV  
  17  1:11  Refinery  
  18  1:16  SCV  
  19  1:28  SCV  
  20  1:32  Barracks Reactor  
  20  1:40  Orbital Command  
  20  1:46  Factory  
  20  2:10  Supply Depot  
  20  2:13  SCV  
  22  2:15  Reaper x2  
  23  2:31  SCV  
  24  2:38  Starport  
  24  2:43  SCV  
  25  2:47  Reaper  
  25  2:48  Reaper  
  27  2:57  SCV  
  28  3:00  Supply Depot  
  28  3:04  Liberator  
  28  3:05  Command Center  
  28  3:13  SCV  
  28  3:19  Reaper  
  30  3:25  SCV  
  34  3:36  Supply Depot  
  34  3:37  SCV  
  34  3:41  Barracks  
  35  4:03  Liberator  
  35  4:16  SCV  
  35  4:17  Orbital Command  
  35  4:19  Marine x2  
  40  4:28  Barracks Tech Lab, SCV  
  40  4:30  Barracks  
  41  4:33  Supply Depot, Engineering Bay  
  41  4:44  SCV  
  43  4:51  Marine x2  
  44  4:53  Factory Tech Lab  
  44  4:55  Marine  
  44  4:57  Stimpack  
  45  5:09  Marine  
  45  5:12  Marine  
  46  5:18  Marine, SCV  
  46  5:20  Starport Reactor, Siege Tank  
  51  5:23  Barracks Reactor  
  51  5:27  Marine, Orbital Command  
  52  5:30  Marine  
  52  5:35  SCV  
  54  5:36  Marine  
  55  5:45  Marine  
  55  5:47  SCV  
  55  5:48  Marine  
  58  5:50  Supply Depot  
  58  5:54  Marine  
  59  5:58  Terran Infantry Weapons Level 1  
  59  6:03  Marine  
  60  6:06  Marine, SCV x2  
  60  6:09  Refinery  
  63  6:12  Supply Depot, Refinery, Marine  
  63  6:13  Marine  
  65  6:18  SCV x2  
  65  6:19  Medivac  
  65  6:20  Medivac, Marine  
  65  6:24  Marine  
  73  6:29  Marine x2  
  73  6:30  Marine, SCV  
  73  6:31  SCV  
  78  6:38  Marine  
  79  6:41  Marine  
  80  6:47  Marine x2  
  80  6:48  Marine  
  80  6:49  Medivac  
  85  6:56  Marine  
  86  7:02  Supply Depot  
  86  7:04  Supply Depot  
  86  7:10  Combat Shields  
  86  7:22  Marine  
  86  7:23  Marine x4  
  86  7:24  Siege Tank  
  77  7:40  Marine  
  77  7:41  Marine x2  
  77  7:43  Marine x2  
  72  7:45  Medivac x2  
  72  7:48  SCV  
  74  7:53  Terran Infantry Armor Level 1  
  74  7:54  Command Center  
  74  7:56  Siege Tank  
  74  7:58  Marine  
  74  7:59  Marine x2  
  74  8:01  Marine  
  78  8:18  SCV  
  79  8:28  Marine  
  79  8:29  Marine x4  
  79  8:30  Siege Tank  
  79  8:32  Medivac  
  89  8:35  SCV  
  89  8:36  Barracks  
  89  8:38  Barracks  
  89  8:39  Supply Depot  
  90  8:42  Supply Depot x2  
  90  8:45  Supply Depot  
  90  8:46  Marine  
  89  9:00  Marine x3  
  89  9:01  Marine  
  83  9:02  Viking  
  83  9:03  Viking  
  83  9:04  Marine, SCV  
  89  9:17  SCV  
  89  9:18  Marine x4  
  89  9:22  Marine  
  89  9:24  Engineering Bay, Armory  
  95  9:25  Supply Depot  
  95  9:34  Orbital Command  
  95  9:36  Marine x4  
  99  9:40  Marine  
  99  9:41  Barracks Reactor  
  100  9:53  Medivac x2, Siege Tank  
  100  9:54  Marine x4  
  100  9:56  Marine  
  100  9:57  Marine  
  100  9:58  Concussive Shells  
  113  10:02  SCV  
  114  10:11  Barracks, Marine  
  114  10:12  Terran Infantry Weapons Level 2, Marine x3  
  118  10:15  SCV  
  120  10:25  SCV  
  120  10:27  Marine x2  
  123  10:29  Barracks Reactor  
  122  10:38  SCV  
  122  10:39  Marine x3  
  122  10:40  Marine  
  122  10:41  Marine  
  128  10:44  Medivac, Siege Tank  
  128  10:45  Medivac, Marine x2  
  137  10:57  Terran Infantry Armor Level 2  
  137  10:59  Terran Vehicle Weapons Level 1  
  137  11:24  Marine x3  
  137  11:25  Marine  
  141  11:26  Viking x2  
  145  11:39  Command Center  
  145  11:53  Marine x5  
  145  11:54  Marauder, Marine  
  153  11:55  Supply Depot  
  153  11:56  Viking  
  153  11:57  Sensor Tower  
  153  11:58  Viking  
  157  12:17  Marauder  
  159  12:26  Viking  
  161  12:54  Marine x3  
  161  12:55  Marauder  
  165  13:26  Marine x2  
  165  13:27  Marauder, Marine x4  
  162  13:29  Terran Infantry Weapons Level 3  
  162  13:30  Terran Vehicle Weapons Level 2, Terran Infantry Armor Level 3  
  168  13:34  Orbital Command  
  168  13:49  Marauder  
  170  14:09  Marine x4  
  173  14:20  Marine x5  
  178  14:28  Marine x2  
  180  14:40  Command Center  
  180  14:46  Supply Depot  
  180  14:52  Supply Depot  
  180  14:54  Supply Depot  
  180  15:07  Marine x8  
  180  15:09  Marine x2  
  186  15:25  Marine  
  187  15:41  Refinery  
  187  15:42  Refinery  
Show
View Real Time Build Order
Export as new Build Order

ForceForce Terran - Winner!

Build Orders:  

Get SALT Encoding   

  12  0:02  SCV  
  13  0:18  SCV  
  13  0:20  Supply Depot  
  14  0:30  SCV  
  15  0:42  SCV  
  16  0:47  Barracks  
  16  0:55  SCV  
  17  1:09  SCV  
  18  1:22  SCV  
  19  1:35  Barracks, Orbital Command  
  19  1:38  Supply Depot  
  19  1:39  Marine  
  20  1:58  Marine  
  21  2:05  Supply Depot  
  21  2:16  Marine  
  21  2:17  Command Center  
  21  2:22  Marine  
  23  2:23  Barracks  
  23  2:32  Supply Depot  
  23  2:34  Marine, SCV  
  25  2:40  Marine  
  26  2:50  SCV  
  27  2:52  Marine  
  27  2:58  Marine  
  29  2:59  Supply Depot  
  29  3:09  Marine  
  30  3:16  Marine  
  30  3:19  Barracks  
  31  3:24  Marine  
  32  3:27  Marine  
  32  3:33  Marine  
  34  3:36  Refinery  
  34  3:40  Engineering Bay  
  34  3:41  SCV  
  35  3:42  Marine  
  35  3:46  Orbital Command  
  36  3:53  SCV  
  37  3:57  Marine  
  37  3:58  Marine  
  37  3:59  Marine  
  40  4:05  SCV  
  40  4:08  Engineering Bay  
  41  4:15  Marine x2  
  43  4:17  SCV  
  43  4:18  SCV  
  43  4:23  Marine x2  
  47  4:33  Marine x2  
  49  4:41  Marine x2  
  51  4:51  Marine x2, SCV x2  
  57  5:01  Missile Turret  
  57  5:05  SCV x2  
  59  5:09  Marine  
  59  5:12  Barracks Tech Lab  
  59  5:14  Barracks Reactor  
  59  5:21  Barracks Tech Lab  
  58  5:23  Missile Turret  
  58  5:27  Marine  
  59  5:32  SCV x2  
  61  5:37  Terran Infantry Weapons Level 1  
  61  5:44  Marine, SCV  
  61  5:47  Refinery, Missile Turret, SCV  
  61  5:48  Marine x2  
  66  5:50  Supply Depot  
  66  5:56  SCV  
  67  5:59  SCV  
  67  6:02  Marine  
  69  6:05  Marine  
  70  6:11  Marine x2, SCV  
  70  6:12  Supply Depot, Marauder, SCV  
  76  6:20  Marine  
  76  6:23  Marine  
  78  6:33  Marine  
  78  6:34  Marauder x2, SCV  
  78  6:35  Supply Depot  
  84  6:47  Barracks Reactor  
  84  6:55  Marauder  
  84  6:57  Marauder  
  84  6:58  Supply Depot  
  88  7:06  Factory  
  88  7:14  Refinery  
  88  7:17  Marauder  
  88  7:20  Missile Turret  
  90  7:36  Marine x4  
  94  7:37  Marauder  
  94  7:38  Marauder  
  94  7:40  Missile Turret  
  96  7:57  Supply Depot  
  96  7:58  Marauder  
  96  7:59  Marauder  
  96  8:01  Missile Turret  
  100  8:06  Refinery  
  100  8:08  Starport  
  99  8:19  Supply Depot  
  99  8:20  Marauder  
  99  8:21  Marauder  
  99  8:26  Marine x4  
  105  8:37  Missile Turret  
  105  8:38  Missile Turret  
  105  8:39  Terran Infantry Armor Level 1  
  105  8:41  Marauder, Hi-Sec Auto Tracking  
  107  8:42  Marine  
  107  8:43  Missile Turret  
  107  8:46  Starport Reactor  
  108  8:52  Starport  
  108  8:58  Marine x4  
  108  8:59  Marine  
  108  9:01  Missile Turret  
  108  9:02  Marine  
  114  9:09  Factory Tech Lab  
  114  9:18  Marauder  
  114  9:20  Marauder  
  118  9:35  Supply Depot  
  118  9:41  Supply Depot  
  118  9:47  Command Center  
  118  9:50  Starport Reactor  
  118  9:54  Missile Turret  
  118  9:57  Medivac x2, Marauder x2  
  126  10:15  Missile Turret  
  126  10:19  Marine x2  
  126  10:20  Marauder x2  
  132  10:26  Medivac x2  
  132  10:27  Medivac x2  
  140  10:29  Missile Turret  
  140  10:33  Supply Depot  
  140  10:41  Marauder  
  142  10:43  Combat Shields, Armory  
  142  10:49  Missile Turret  
  142  10:55  Marauder  
  144  10:57  Medivac  
  144  10:59  Missile Turret  
  144  11:02  Orbital Command  
  144  11:03  Marauder  
  148  11:10  Command Center  
  148  11:12  Missile Turret  
  148  11:19  SCV x2  
  148  11:21  Missile Turret  
  150  11:31  SCV x2  
  152  11:41  Terran Infantry Weapons Level 2  
  152  11:43  Terran Infantry Armor Level 2  
  152  11:45  Missile Turret  
  152  11:55  Marine x2  
  152  11:56  Marine  
  152  11:57  Marauder x2  
  159  12:09  Refinery  
  159  12:17  Viking x2  
  159  12:18  Marauder  
  159  12:22  Marauder  
  167  12:33  Supply Depot  
  167  12:36  Refinery, Marine x2  
  167  12:37  Marine  
  169  12:40  Marauder  
  169  12:43  Marauder  
  174  12:55  Supply Depot  
  174  13:01  Marauder  
  174  13:04  Marauder  
  149  13:20  Marine x3  
  149  13:21  Supply Depot, Marine  
  149  13:22  Marauder  
  149  13:25  Marine  
  155  13:38  Marine x4  
  159  13:43  Marine  
  159  13:44  Marauder  
  160  13:56  Marine x4  
  160  14:01  Marauder  
  163  14:05  Marauder  
  160  14:14  Marine x3  
  160  14:15  Marine  
  162  14:23  Marauder  
  163  14:26  Marauder  
  163  14:29  Viking x2, Medivac x2  
  173  14:31  Marine  
  173  14:32  Marine x3  
  177  14:44  Marauder  
  179  14:48  Marauder  
  179  14:49  Marine  
  179  14:50  Marine  
  183  14:59  Viking  
  183  15:06  Marauder  
  185  15:09  Marauder  
  187  15:18  Planetary Fortress  
  187  15:20  Marine x4  
  191  15:26  Marine  
  192  15:30  Marine  
  193  15:45  Marauder  
  193  15:48  Marauder  
Show
View Real Time Build Order
Export as new Build Order

Uclar Terran - Winner!

Build Orders: Command Center First (CC) 

Get SALT Encoding   

  12  0:01  SCV  
  13  0:26  Supply Depot, SCV  
  14  0:41  SCV  
  15  0:53  SCV  
  16  1:05  SCV  
  16  1:06  Command Center  
  17  1:18  SCV  
  18  1:25  Barracks  
  18  1:30  SCV  
  19  1:42  SCV  
  19  1:45  Barracks  
  21  1:54  SCV  
  21  1:56  Barracks  
  21  2:06  SCV  
  22  2:12  Supply Depot  
  22  2:13  Marine  
  23  2:18  SCV  
  24  2:22  Bunker  
  24  2:48  Marine x3  
  26  3:04  Refinery  
  26  3:06  Marine x3  
  26  3:07  Supply Depot  
  26  3:10  SCV  
  30  3:18  Engineering Bay, SCV  
  31  3:23  SCV  
  31  3:24  Marine x2  
  34  3:30  SCV  
  35  3:40  Refinery  
  35  3:43  SCV  
  36  3:55  SCV  
  36  3:56  Marine x3  
  40  4:08  SCV  
  40  4:09  Supply Depot  
  42  4:27  Planetary Fortress  
  42  4:30  SCV  
  42  4:32  Marine x2  
  42  4:33  Marine  
  45  4:42  SCV  
  46  4:50  Factory  
  46  4:54  SCV  
  46  4:57  Refinery  
  47  5:02  Refinery  
  47  5:07  SCV  
  48  5:10  Marine x3  
  51  5:17  Barracks  
  51  5:24  Terran Infantry Weapons Level 1  
  51  5:37  SCV  
  51  5:41  SCV  
  53  5:47  Starport  
  53  5:49  SCV  
  54  5:53  SCV  
  54  5:55  Starport  
  55  5:59  Marine x3  
  55  6:01  SCV  
  60  6:13  SCV  
  60  6:17  Orbital Command  
  60  6:25  SCV  
  61  6:37  SCV  
  62  6:40  Supply Depot  
  62  6:42  Supply Depot  
  62  7:02  SCV  
  62  7:03  Supply Depot  
  62  7:05  SCV  
  62  7:06  Supply Depot  
  64  7:09  Medivac x2  
  64  7:12  Marine  
  64  7:13  Marine x3  
  72  7:17  SCV  
  73  7:26  Supply Depot  
  73  7:29  Supply Depot, SCV  
  74  7:30  Marine x2  
  74  7:31  SCV  
  74  7:34  Marine x2  
  79  7:39  Medivac x2  
  79  7:42  SCV  
  79  7:43  SCV  
  83  7:48  Marine x2  
  74  7:52  Marine x2  
  74  7:55  SCV  
  66  8:06  Marine x2  
  66  8:07  SCV  
  66  8:10  Marine x2  
  68  8:24  Marine x2  
  70  8:30  Marine x2  
  72  8:36  SCV  
  72  8:39  Factory Tech Lab  
  73  8:41  Marine  
  73  8:46  Engineering Bay  
  73  8:48  Marine x3  
  74  8:49  SCV  
  78  8:59  Marine  
  79  9:06  Marine x3  
  82  9:17  Marine  
  83  9:25  Barracks Reactor x2  
  83  9:26  Barracks Reactor  
  83  9:36  Barracks Tech Lab  
  83  10:29  Marine x7  
  83  10:32  Medivac  
  83  10:33  Medivac  
  94  10:36  Terran Infantry Armor Level 1  
  94  10:40  Armory  
  94  10:47  Marine x7  
  101  11:02  Medivac  
  103  11:04  Marine  
  103  11:05  Marine x6  
  110  11:11  Command Center  
  110  11:30  Supply Depot  
  110  11:52  Marine x7  
  110  11:53  Supply Depot  
  117  12:09  Marine  
  117  12:15  Marine x6  
  124  12:27  Marine  
  125  12:33  Marine x6  
  131  12:45  Marine  
  132  12:54  Marine x2  
  132  12:55  Marine x4  
  132  12:57  Combat Shields  
  132  13:00  Terran Infantry Weapons Level 2  
  132  13:03  Marine  
  125  13:12  Marine x2  
  126  13:16  Missile Turret  
  123  13:21  Marine  
  124  13:38  Marine  
  125  13:42  Marine  
  125  13:43  Marine x5  
  131  13:49  Planetary Fortress  
  131  13:56  Marine  
  131  14:00  Marine x5  
  131  14:01  Marine  
  138  14:14  Marine  
  138  14:16  Stimpack  
  120  14:18  Marine x6  
  117  14:32  Marine  
  117  14:39  Marine  
  117  14:40  Marine x5  
  123  14:50  Marine  
  124  14:57  Marine  
  124  14:58  Marine x5  
  130  15:07  Marine  
  131  15:15  Marine x5  
  136  15:36  Marine  
  136  15:37  Marine x4  
  141  15:49  Supply Depot  
  141  16:10  Marine x4  
  149  16:11  Supply Depot  
Show
View Real Time Build Order
Export as new Build Order

SuperMurloc Terran 

Build Orders:  

Get SALT Encoding   

  12  0:13  Supply Depot  
  12  0:20  Refinery  
  12  0:22  SCV  
  13  0:40  Barracks  
  13  0:43  SCV  
  14  1:09  SCV  
  15  1:21  SCV  
  16  1:29  Reaper, Barracks  
  17  1:35  Orbital Command  
  17  2:01  Marine  
  18  2:19  Marine  
  18  2:20  Supply Depot  
  19  2:25  Barracks Tech Lab  
  19  2:37  Marine  
  20  2:48  Factory  
  20  2:54  Marine  
  20  3:02  Combat Shields  
  22  3:06  Marauder  
  22  3:12  Marine, SCV  
  24  3:18  Refinery  
  24  3:24  SCV  
  27  3:27  Marauder  
  27  3:30  Marine  
  28  3:36  Supply Depot  
  28  3:37  Starport  
  28  3:45  Factory Tech Lab  
  28  3:56  Barracks Reactor  
  28  4:22  Siege Tank  
  31  4:34  Marine  
  31  4:35  Marine  
  33  4:39  Marauder  
  35  4:52  Marine  
  35  4:53  Marine  
  37  5:00  Marauder  
  39  5:14  Marine  
  39  5:32  Supply Depot  
  39  5:36  Marine x2  
  39  5:37  Marauder  
  39  5:39  Medivac  
  45  5:44  Siege Tank  
  48  5:54  Marine  
  49  5:58  Marauder  
  49  6:03  Marine  
  52  6:08  Medivac  
  54  6:12  Marine  
  54  6:17  SCV  
  56  6:20  Marauder, Marine  
  59  6:38  Medivac  
  61  6:41  Marauder, Engineering Bay  
  63  7:06  Supply Depot  
  63  7:28  Marauder, Siege Tank  
  63  7:29  Supply Depot  
  68  7:50  Marauder  
  70  7:55  Marine x2  
  70  8:00  Siege Tank  
  73  8:11  Marauder  
  64  8:13  Marine  
  60  8:24  Terran Infantry Weapons Level 1  
  60  8:32  Marauder  
  62  8:54  Marauder  
  64  9:11  Command Center  
  64  9:14  Marine  
  64  9:16  Supply Depot  
  65  9:21  Marine  
  65  9:24  Marine  
  67  9:38  Supply Depot  
  67  9:47  Armory  
  67  9:58  Marauder, Marine  
  67  9:59  Marine  
  71  10:16  Marine  
  71  10:17  Marine  
  71  10:18  Terran Infantry Armor Level 1  
  71  10:19  Marauder  
  75  10:27  Missile Turret  
  75  10:49  Medivac  
  77  11:19  Medivac  
  79  11:49  Medivac  
  81  12:12  Terran Infantry Weapons Level 2  
  81  13:11  Engineering Bay  
  81  13:50  Siege Tank  
  84  13:56  Missile Turret  
  56  14:18  Missile Turret  
  56  14:22  Siege Tank  
Show
View Real Time Build Order
Export as new Build Order

YEOZ Terran 

Build Orders:  

Get SALT Encoding   

  12  0:16  Supply Depot  
  12  0:24  SCV  
  13  0:31  Refinery  
  13  0:36  SCV  
  14  0:42  Barracks  
  14  1:01  SCV  
  14  1:03  Barracks  
  15  1:14  SCV  
  16  1:19  Supply Depot  
  16  1:27  SCV  
  17  1:36  Marine  
  17  1:39  SCV  
  19  1:51  SCV  
  19  1:52  Marine  
  21  2:03  SCV  
  22  2:09  Factory  
  22  2:12  Marine  
  22  2:15  SCV  
  24  2:16  Marine  
  25  2:27  SCV  
  26  2:38  Engineering Bay  
  26  2:46  Marine x2  
  28  2:52  Refinery  
  28  2:54  Orbital Command  
  28  2:56  Factory Tech Lab  
  28  3:04  Marine x2  
  30  3:18  Supply Depot  
  30  3:28  SCV  
  31  3:39  Siege Tank  
  31  3:40  Supply Depot, Terran Infantry Weapons Level 1  
  34  3:49  Marine x2  
  27  4:07  Marine  
  21  4:24  SCV  
  21  4:30  Siege Tank  
  25  4:36  SCV  
  26  4:42  Marine  
  26  4:48  SCV  
  25  4:56  Starport  
  25  5:00  Marine  
  24  5:17  Missile Turret  
  24  5:18  Marine  
  24  5:35  Marine  
  22  6:12  Orbital Command  
  18  6:47  Refinery  
  18  6:48  SCV  
  19  7:04  Viking  
  21  7:24  Missile Turret  
  21  7:34  Viking  
  23  8:01  Missile Turret  
  23  8:14  Marine x2  
  25  8:20  Command Center  
  25  8:38  Viking, Missile Turret  
  27  8:49  Marine x2  
  29  9:06  Marine  
  29  9:07  Marine  
  31  9:12  Siege Tank  
  34  9:36  SCV  
  35  9:40  Orbital Command  
  35  9:49  SCV  
  36  10:01  SCV  
  36  10:03  Barracks Reactor  
  36  10:04  Missile Turret, Barracks Tech Lab  
  37  10:12  SCV  
  37  10:13  SCV  
  39  10:21  Starport Reactor  
  39  10:24  SCV  
  39  10:25  SCV  
  41  10:36  SCV  
  41  10:37  Missile Turret  
  41  10:41  SCV  
  43  10:45  Marine x2  
  43  10:46  Marine  
  43  10:48  SCV  
  47  10:51  Combat Shields  
  47  10:53  SCV  
  48  11:00  SCV  
  48  11:03  Marine x3  
  52  11:10  Missile Turret  
  52  11:12  SCV  
  53  11:20  SCV  
  54  11:26  Refinery  
  54  11:38  Missile Turret  
  54  11:42  Supply Depot  
  54  11:55  Barracks  
  54  12:00  Barracks  
  54  12:04  Marine x2, SCV x2  
  58  12:11  Stimpack  
  58  12:16  SCV x2  
  60  12:28  Supply Depot, SCV x2  
  60  12:38  Missile Turret  
  60  12:39  Medivac  
  60  12:40  SCV x2  
  62  12:49  Medivac  
  31  13:16  Marine x3  
  31  13:17  Marine x2  
  32  13:34  Marine x5  
  33  13:52  Marine x5  
  36  14:09  Marine  
  34  14:10  Marine x4  
  32  14:27  Marine x2  
  32  14:28  Marine x3, Siege Tank  
  38  14:45  Marine x3  
  38  14:46  Marine x2  
  43  15:03  Marine x4  
  43  15:04  Marine  
  46  15:21  Marine x5  
  46  15:22  Siege Tank  
  54  15:39  Marine  
  55  15:44  Supply Depot  
  55  15:51  Marine x2  
  55  15:54  Marine  
  55  15:58  Marine  
  18  16:07  Supply Depot  
Show
View Real Time Build Order
Export as new Build Order

kabosoc Protoss 

Build Orders: Colossus Rush 

Get SALT Encoding   

  12  0:03  Probe (Chrono Boost)  
  13  0:17  Pylon  
  13  0:30  Probe (Chrono Boost)  
  14  0:41  Probe (Chrono Boost)  
  14  0:42  Gateway  
  15  0:51  Probe (Chrono Boost)  
  15  0:55  Pylon  
  16  1:04  Forge  
  16  1:15  Assimilator  
  16  1:33  Cybernetics Core  
  16  1:39  Assimilator  
  17  1:40  Probe (Chrono Boost)  
  17  1:50  Probe (Chrono Boost)  
  17  1:52  Photon Cannon  
  18  2:01  Probe (Chrono Boost)  
  19  2:10  Zealot (Chrono Boost)  
  21  2:31  Pylon  
  21  2:35  Zealot (Chrono Boost)  
  23  2:37  Warp Gate (Chrono Boost)  
  23  2:42  Probe  
  24  2:54  Probe  
  25  3:01  Zealot (Chrono Boost)  
  27  3:06  Probe  
  28  3:18  Probe  
  29  3:24  Stalker (Chrono Boost)  
  31  3:28  Robotics Facility  
  31  3:34  Gateway  
  31  4:08  Robotics Facility  
  33  4:22  Nexus  
  31  4:44  Robotics Bay  
  31  5:00  Gateway  
  31  5:10  Immortal (Chrono Boost)  
  39  5:16  Immortal (Chrono Boost)  
  39  5:32  Pylon  
  39  5:43  Pylon  
  39  5:44  Probe  
  40  5:55  Probe  
  51  5:58  Immortal (Chrono Boost), Stalker  
  51  5:59  Stalker, Colossus (Chrono Boost)  
  55  6:05  Probe  
  56  6:16  Probe  
  57  6:26  Probe  
  57  6:31  Pylon  
  58  6:35  Robotics Facility  
  58  6:37  Probe  
  59  6:42  Pylon  
  59  6:47  Probe  
  59  6:51  Photon Cannon  
  59  6:52  Assimilator  
  60  6:54  Photon Cannon  
  60  6:58  Probe, Photon Cannon  
  61  7:02  Photon Cannon  
  61  7:08  Probe (Chrono Boost)  
  62  7:10  Probe (Chrono Boost)  
  63  7:19  Probe (Chrono Boost)  
  63  7:21  Probe (Chrono Boost), Colossus  
  59  7:56  Photon Cannon  
  59  7:57  Photon Cannon  
  59  8:01  Probe (Chrono Boost)  
  60  8:06  Assimilator  
  60  8:07  Colossus (Chrono Boost)  
  60  8:11  Probe (Chrono Boost)  
  71  8:12  Immortal (Chrono Boost)  
  71  8:22  Probe (Chrono Boost)  
  72  8:36  Probe (Chrono Boost), Protoss Shields Level 1 (Chrono Boost)  
  73  8:43  Probe (Chrono Boost)  
  73  8:47  Probe (Chrono Boost)  
  75  8:55  Probe (Chrono Boost)  
  76  8:58  Probe (Chrono Boost)  
  77  9:07  Probe (Chrono Boost)  
  78  9:13  Stalker  
  78  9:14  Stalker  
  78  9:15  Stalker  
  84  9:19  Probe (Chrono Boost)  
  85  9:28  Pylon  
  85  9:34  Pylon  
  85  9:37  Pylon  
  85  9:43  Immortal (Chrono Boost)  
  85  9:46  Colossus (Chrono Boost)  
  95  10:08  Nexus  
  95  10:10  Zealot  
  95  10:11  Zealot  
  95  10:12  Zealot  
  101  10:30  Colossus  
  101  10:42  Stalker  
  109  10:53  Pylon  
  109  11:05  Pylon  
  109  11:06  Immortal  
  109  11:09  Pylon  
  117  11:11  Immortal  
  117  11:14  Assimilator  
  117  11:43  Probe  
  117  11:44  Colossus (Chrono Boost)  
  117  11:46  Immortal  
  118  11:51  Immortal (Chrono Boost)  
  118  11:53  Probe  
  132  11:56  Pylon  
  132  11:58  Photon Cannon  
  132  12:00  Photon Cannon  
  133  12:02  Photon Cannon  
  133  12:04  Probe  
  133  12:05  Photon Cannon  
  134  12:10  Photon Cannon  
  134  12:16  Probe  
  134  12:17  Assimilator  
  135  12:24  Pylon  
  135  12:27  Probe  
  136  12:37  Probe  
  63  13:34  Colossus (Chrono Boost)  
  63  13:37  Stalker  
  63  13:38  Colossus (Chrono Boost)  
  63  13:39  Stalker  
  63  13:41  Stalker, Colossus (Chrono Boost)  
Tags
 
Add a new tag
Caveats
  • Supply blocks, unpowered buildings, or Contaminate may cause inaccurate times.
  • Supply counts are checked every 10 seconds.